 Dungeon Crawl Stone Soup version 0.31.0-1-g2c135a008e (webtiles) character file.

Game seed: 4438799497435212403

796 qw the Trooper (level 8, 0/62 HPs)
             Began as a Djinni Hunter on Jan 24, 2024.
             Slain by a water moccasin zombie (6 damage)
             ... in an ossuary.
             The game lasted 00:00:15 (3773 turns).

qw the Trooper (Djinni Hunter)                      Turns: 3773, Time: 00:00:16

Health: 0/62       AC:  5    Str: 10    XL:     8   Next: 13%
Gold:   256        EV: 13    Int: 11    God:
                   SH:  0    Dex: 19

rFire   + + +        c - +2 shortbow (heavy)
rCold   . . .        (shield currently unavailable)
rNeg    . . .        h - +1 robe {rC+ rF+}
rPois   inf          (no helmet)
rElec   .            (no cloak)
rCorr   .            e - +1 pair of gloves
SInv    .            (boots unavailable)
Will    .....        (no amulet)
Stlth   ++           (no ring)
HPRegen 0.30/turn    (no ring)
MPRegen 0.00/turn

%: infuse magic (-1 HP)
@: about to teleport, flying
A: sickness immunity, fire resistance 2, cold vulnerability 1, float, innate
caster, HP casting, extra vitality 1
a: no special abilities


You were in an ossuary.
You visited 1 branch of the dungeon, and saw 5 of its levels.
You also visited: Ossuary.

You collected 256 gold pieces.


Innate Abilities, Weirdness & Mutations

You are immune to sickness and miasma.
You are immune to poison.
Your flesh is very heat resistant. (rF++)
You are vulnerable to cold. (rC-)
You float through the air rather than walking.
You learn spells naturally, not from books.
Your magical power is your life essence.
You have superior vitality. (+4 MHP)


   Skills:
 - Level 6.7 Fighting
 - Level 5.2 Ranged Weapons
 - Level 1.0 Armour
 + Level 3.1 Dodging
 - Level 0.7 Stealth


You knew the following spells:

 Your Spells              Type           Power      Damage    Failure   Level
a - Foxfire               Conj/Fire      0%         2x1d4     34%         1
b - Static Discharge      Conj/Air       0%         3-3/arc   47%         2
c - Ensorcelled Hibernat  Hex/Ice        0%         N/A       47%         2
Your spell library was empty.

Inventory:

Hand Weapons
 c - a +2 heavy shortbow (weapon)
Armour
 d - a +0 ring mail
 e - a +1 pair of gloves (worn)
 h - a +1 robe of resistance (worn)
Wands
 j - a wand of flame (19)
Scrolls
 b - a scroll of teleportation
Potions
 a - a potion of enlightenment
 f - a potion of lignification {unknown}
 g - a potion of attraction {unknown}
 i - a potion of mutation {unknown}
 k - a potion of heal wounds {unknown}
 m - a potion of curing {unknown}

Dungeon Overview and Level Annotations

Branches:
Dungeon (5/15)            Ossuary (1/1)
 Temple: D:4-7

Altars:
Cheibriados
Elyvilon
Gozag
Hepliaklqana
Makhleb
Ru
Trog
Yredelemnul


Message History

The water moccasin zombie misses you.
You shoot an arrow.
The arrow closely misses the water moccasin zombie.
The arrow hits the gnoll zombie!!
You destroy the gnoll zombie!
The water moccasin zombie misses you.
The weeping skull touches you but does no damage.
The water moccasin zombie bites you! x2; The weeping skull closely misses you.
The water moccasin zombie closely misses you.
You shoot an arrow.
The arrow hits the water moccasin zombie.
The water moccasin zombie is heavily damaged.
The water moccasin zombie barely misses you.
The water moccasin zombie bites you.
The weeping skull's misery overflows.
The wave of grief passes through you.
The water moccasin zombie closely misses you.
The water moccasin zombie bites you but does no damage.
The weeping skull misses you.
You shoot an arrow.
The arrow hits the water moccasin zombie.
The water moccasin zombie is severely damaged.
The water moccasin zombie bites you.
The water moccasin zombie bites you but does no damage.
The weeping skull barely misses you.
The water moccasin zombie closely misses you.
The water moccasin zombie bites you.
3772 ||| READING 2 scrolls of teleportation.
As you read the scroll of teleportation, it crumbles to dust.
You feel strangely unstable. The water moccasin zombie bites you.
The weeping skull misses you.
The water moccasin zombie completely misses you.
You shoot an arrow.
The arrow hits the water moccasin zombie.
The water moccasin zombie is severely damaged.
The water moccasin zombie bites you but does no damage.
The water moccasin zombie barely misses you.
The weeping skull touches you but does no damage.
The water moccasin zombie bites you.
You die...

### #########
#!!!!#...#ZZ@#
+?)=!#.\.00zZ#
#!!!!#...#00Z#
### #####000#
#...# ##'##
... #...#
#...#


You could see a spectral scorpion, a weeping skull, 2 water moccasin zombies and
an orc zombie.

Vanquished Creatures
  Pikel (D:5)
  A lemure (D:5)
  A bombardier beetle (D:5)
  A jelly (D:4)
  A hound (D:4)
  An orc priest (D:3)
  Jessica (D:2)
  4 adders
  3 river rats (D:3)
  4 ufetubi (D:5)
  An adder zombie (Ossuary)
  2 ribbon worms
  3 dart slugs (D:3)
  5 orcs
  9 endoplasms
  4 giant cockroaches
  A gnoll zombie (Ossuary)
  12 goblins
  7 hobgoblins
  3 jackals
  6 kobolds
  7 quokkas
  9 ball pythons
  6 bats
  A frilled lizard (D:2)
  An orc zombie (Ossuary)
  5 rats
100 creatures vanquished.

Notes
Turn   | Place    | Note
-------+----------+-------------------------------------------
     0 | D:1      | qw the Djinni Hunter began the quest for the Orb.
     0 | D:1      | Reached XP level 1. HP: 18/18 MP: 0/0
     0 | D:1      | 0 ||| qw: Version: 0.3-a-136-gdd3b4e8
     0 | D:1      | 0 ||| qw: Game counter: 1458
     0 | D:1      | 0 ||| qw: Melee chars always use a shield: true
     0 | D:1      | 0 ||| qw: God list: Okawaru
     0 | D:1      | 0 ||| qw: Allow faded altars: false
     0 | D:1      | 0 ||| qw: Do Orc after clearing Dungeon:15 true
     0 | D:1      | 0 ||| qw: Do second Lair branch before Depths: true
     0 | D:1      | 0 ||| qw: Lair rune preference: random
     0 | D:1      | 0 ||| qw: Goals: Normal
     0 | D:1      | 0 ||| PLANNING D:1-11
    84 | D:1      | Reached XP level 2. HP: 22/23 MP: 0/0
   504 | D:1      | Reached XP level 3. HP: 21/28 MP: 0/0
   504 | D:1      | Learned a level 1 spell: Foxfire
   925 | D:1      | 925 ||| UPGRADING to +0 ring mail.
   935 | D:1      | 935 ||| DROPPING +0 leather armour.
   936 | D:1      | 936 ||| UPGRADING to +0 pair of gloves.
   941 | D:1      | 941 ||| DROPPING scroll of butterflies.
  1093 | D:2      | Found a sacrificial altar of Ru.
  1131 | D:2      | Reached skill level 1 in Armour
  1231 | D:2      | Noticed Jessica
  1234 | D:2      | HP: 6/28 [+2 spectral club[Jessica] (6)]
  1235 | D:2      | HP: 2/28 [+2 spectral club[Jessica] (3)]
  1237 | D:2      | Killed Jessica
  1238 | D:2      | Reached skill level 3 in Fighting
  1238 | D:2      | Reached XP level 4. HP: 3/35 MP: 0/0
  1701 | D:2      | 1701 ||| READING 2 scrolls labelled EVAXEBAMYTZ.
  1706 | D:2      | 1706 ||| READING scroll labelled HYUQOSSEOX.
  1707 | D:2      | 1707 ||| READING scroll labelled WYET AHEEFEM.
  1725 | D:3      | 1725 ||| PLANNING SEWER
  1728 | D:3      | 1728 ||| STAIRDANCE
  1805 | D:3      | Identified the +2 scale mail of Shadows and Fog {rF++
                  | Will++ Int-4}
  1837 | D:3      | Reached XP level 5. HP: 39/40 MP: 0/0
  1837 | D:3      | Learned a level 2 spell: Static Discharge
  2398 | D:3      | 2398 ||| FLEEEEING.
  2435 | D:3      | 2435 ||| RIP SEWER
  2525 | D:3      | 2525 ||| PLANNING D:1-11
  2692 | D:3      | Found a faded altar of an unknown god.
  2698 | D:3      | 2698 ||| READING scroll labelled GOAR EHUTHURY.
  2799 | D:3      | 2799 ||| READING scroll labelled OCEXKE TASITH.
  2799 | D:3      | Identified a scroll of acquirement
  2799 | D:3      | 2799 ||| ACQUIRING +2 heavy shortbow
  2799 | D:3      | Acquired a +2 heavy shortbow
  2801 | D:3      | 2801 ||| SWAPPING to +2 heavy shortbow.
  2802 | D:3      | 2802 ||| DROPPING +0 shortbow.
  2958 | D:4      | Reached skill level 3 in Dodging
  2958 | D:4      | Reached XP level 6. HP: 46/46 MP: 0/0
  3347 | D:4      | Found a basalt altar of Yredelemnul.
  3423 | D:4      | 3423 ||| READING scroll labelled OTZEFO USIAME.
  3423 | D:4      | 3423 ||| ENCHANTING +0 pair of gloves.
  3424 | D:4      | 3424 ||| READING scroll labelled EMNIED AVUAMIG.
  3458 | D:5      | Entered Level 5 of the Dungeon
  3459 | D:5      | 3459 ||| PLANNING OSSUARY
  3465 | D:5      | Noticed Pikel
  3471 | D:5      | 3471 ||| RETREEEEATING.
  3474 | D:5      | 3474 ||| RETREEEEATING.
  3475 | D:5      | 3475 ||| RETREEEEATING.
  3476 | D:5      | 3476 ||| RETREEEEATING.
  3477 | D:5      | 3477 ||| RETREEEEATING.
  3481 | D:5      | 3481 ||| RETREEEEATING.
  3482 | D:5      | 3482 ||| RETREEEEATING.
  3484 | D:5      | Killed Pikel
  3485 | D:5      | Reached skill level 6 in Fighting
  3485 | D:5      | Reached XP level 7. HP: 44/57 MP: 0/0
  3485 | D:5      | Learned a level 2 spell: Ensorcelled Hibernation
  3485 | D:5      | Reached XP level 8. HP: 48/62 MP: 0/0
  3558 | D:5      | Found a burning altar of Makhleb.
  3559 | D:5      | Found a sacrificial altar of Ru.
  3559 | D:5      | Found an opulent altar of Gozag.
  3561 | D:5      | Found a white marble altar of Elyvilon.
  3563 | D:5      | Found a snail-covered altar of Cheibriados.
  3565 | D:5      | Found a bloodstained altar of Trog.
  3567 | D:5      | Found a hazy altar of Hepliaklqana.
  3730 | D:5      | Found a sand-covered staircase.
  3731 | D:5      | 3731 ||| UPGRADING to +1 robe of resistance.
  3741 | D:5      | 3741 ||| READING scroll labelled TIRRUKK CUGOS.
  3742 | D:5      | 3742 ||| READING scroll labelled JOVACK IFEC.
  3742 | D:5      | 3742 ||| IDENTIFYING ruby potion
  3747 | Ossuary  | Entered an ossuary
  3760 | Ossuary  | 3760 ||| RETREEEEATING.
  3762 | Ossuary  | 3762 ||| RETREEEEATING.
  3763 | Ossuary  | 3763 ||| RETREEEEATING.
  3764 | Ossuary  | 3764 ||| RETREEEEATING.
  3771 | Ossuary  | HP: 13/62 [water moccasin zombie (4)]
  3772 | Ossuary  | 3772 ||| READING 2 scrolls of teleportation.
  3772 | Ossuary  | HP: 6/62 [water moccasin zombie (6)]
  3773 | Ossuary  | Slain by a water moccasin zombie

Levels and vault maps discovered:
D:1:      dpeg_cavernosity, layout_basic
D:2:      layout_loops_ring, basic_altar, uniq_jessica
D:3:      layout_basic, shapermc_ecumenical_altar_hornbeckon,
          gup_sewer_entry_bubbles
D:4:      layout_basic, amcnicky_altar_gilded, chequers_jeans,
          hangedman_feature_mirror
D:5:      minmay_clustersquares, layout_cave_pools, grunt_temple_overflow_open,
          temple_statues, nicolae_ossuary_entry_false_entrances,
          serial_column_ruins, column_ruins_hut_water, column_ruins_grid_1,
          column_ruins_open_tiny, column_ruins_corridor_straight,
          column_ruins_grid_1, column_ruins_open_tiny, minmay_misc_feat_pillars,
          uniq_pikel
Ossuary:  ossuary_tomb_2

Skill      XL: |  1  2  3  4  5  6 |
---------------+-------------------+-----
Ranged Weapons | 4 5 |  5.2
Armour         | 1 |  1.0
Fighting       | 3 6 |  6.7
Dodging        | 3 |  3.1
Stealth        | |  0.7

Action                     |  1- 3 |  4- 6 |  7- 9 || total
---------------------------+-------+-------+-------++-------
   Fire: Shortbow          |   104 |   164 |    33 ||   301
    Use: Scroll            |       |     7 |     3 ||    10
 Armour: Leather armour    |    20 |       |       ||    20
         Ring mail         |    16 |    60 |    25 ||   101
         Robe              |       |       |    24 ||    24
  Dodge: Dodged            |    33 |    41 |    42 ||   116

Table legend:
 A = Non-vault XP
 B = Vault XP
 C = Vault XP percentage of total XP
 D = Non-vault monster count
 E = Vault monster count
 F = Vault count percentage of total count
                 A         B        C        D         E       F
            +---------+---------+-------+---------+---------+-------
      Total |     350 |     788 |  69.2 |      79 |      20 |  20.2
            +---------+---------+-------+---------+---------+-------
        D:1 |      26 |       8 |  23.5 |      15 |       4 |  21.1
        D:2 |      45 |      37 |  45.1 |      20 |       1 |   4.8
        D:3 |     104 |      45 |  30.2 |      22 |       7 |  24.1
        D:4 |      80 |      48 |  37.5 |      15 |       4 |  21.1
        D:5 |      95 |     641 |  87.1 |       7 |       1 |  12.5
    Ossuary |       0 |       9 | 100.0 |       0 |       3 | 100.0
            +---------+---------+-------+---------+---------+-------
